 Dungeon Crawl Stone Soup version 0.28.0-1-gb440e238dd (webtiles) character file.

Game seed: 6733660159029669195

196 dolemite99 the Quickloader (level 5, -4/64 HPs)
             Began as a Gnoll Hunter on Feb 24, 2022.
             Was a Follower of Sif Muna.
             Slain by a worm (7 damage)
             ... on level 2 of the Dungeon.
             The game lasted 00:01:16 (933 turns).

dolemite99 the Quickloader (Gnoll Hunter)            Turns: 933, Time: 00:01:17

Health: -4/64      AC:  6    Str: 12    XL:     5   Next: 75%
Magic:  4/7        EV: 10    Int: 10    God:    Sif Muna [*.....]
Gold:   47         SH:  0    Dex: 14    Spells: 7/7 levels left

rFire   . . .      SeeInvis .   b - +0 short sword
rCold   . . .      Faith    .   (no shield)
rNeg    . . .      Spirit   .   i - +0 scale mail
rPois   .          Reflect  .   (no helmet)
rElec   .          Harm     .   (no cloak)
rCorr   .          Rampage  .   (no gloves)
Will    .....                   (no boots)
Stlth   ..........              (no amulet)
HPRegen 0.20/turn               (no ring)
MPRegen 0.10/turn               (no ring)

@: berserking (expiring), very quick
A: fangs 1, strong nose, distributed training
a: Renounce Religion, Channel Magic


You were on level 2 of the Dungeon.
You worshipped Sif Muna.
Sif Muna was aware of your devotion.
You visited 1 branch of the dungeon, and saw 2 of its levels.

You collected 47 gold pieces.

Inventory:

Hand Weapons
 a - a +1 hand crossbow
 b - a +0 short sword (weapon)
Missiles
 d - 2 bolts
 e - 15 stones
 h - 22 sling bullets
Armour
 c - a +0 leather armour
 f - a +0 ring mail
 i - a +0 scale mail (worn)
Potions
 g - 2 potions of berserk rage


   Skills:
 + Level 4.8 Fighting
 + Level 1.6 Short Blades
 + Level 1.6 Long Blades
 + Level 1.6 Axes
 + Level 1.6 Maces & Flails
 + Level 1.6 Polearms
 + Level 1.6 Staves
 + Level 1.6 Slings
 + Level 1.6 Bows
 + Level 8.7 Crossbows
 + Level 1.6 Throwing
 + Level 1.6 Armour
 + Level 4.8 Dodging
 + Level 2.8 Stealth
 + Level 1.6 Shields
 + Level 1.6 Unarmed Combat
 + Level 1.6 Spellcasting
 + Level 1.3 Conjurations
 + Level 1.3 Hexes
 + Level 1.3 Summonings
 + Level 1.3 Necromancy
 + Level 1.3 Translocations
 + Level 1.3 Transmutations
 + Level 1.3 Fire Magic
 + Level 1.3 Ice Magic
 + Level 1.3 Air Magic
 + Level 1.3 Earth Magic
 + Level 1.3 Poison Magic
 + Level 1.8 Invocations
 + Level 1.6 Evocations


You had 7 spell levels left.
You didn't know any spells.
Your spell library was empty.

Dungeon Overview and Level Annotations

Branches:
Dungeon (2/15)

Altars:
Sif Muna


Innate Abilities, Weirdness & Mutations

You have very sharp teeth.
Your uncanny sense of smell can sniff out nearby items.
Your experience applies equally to all skills.


Message History

Fire: 3 bolts
Press: ? - help, Shift-Dir - straight line, f/p - Sigmund
Aim: Sigmund, wielding a +0 scythe and wearing a +0 robe (almost dead, 66% to hit)
You shoot a bolt. The bolt hits Sigmund.
You kill Sigmund!
Sif Muna accepts your kill.
Your Short Blades skill increases to level 1!
Your Long Blades skill increases to level 1!
Your Axes skill increases to level 1!
Your Maces & Flails skill increases to level 1!
Your Polearms skill increases to level 1!
Your Staves skill increases to level 1!
Your Slings skill increases to level 1!
Your Bows skill increases to level 1!
Your Throwing skill increases to level 1!
Your Armour skill increases to level 1!
Your Shields skill increases to level 1!
Your Unarmed Combat skill increases to level 1!
Your Spellcasting skill increases to level 1!
Your Conjurations skill increases to level 1!
Your Hexes skill increases to level 1!
Your Summonings skill increases to level 1!
Your Necromancy skill increases to level 1!
Your Translocations skill increases to level 1!
Your Transmutations skill increases to level 1!
Your Fire Magic skill increases to level 1!
Your Ice Magic skill increases to level 1!
Your Air Magic skill increases to level 1!
Your Earth Magic skill increases to level 1!
Your Poison Magic skill increases to level 1!
Your Evocations skill increases to level 1!
You have reached level 4!
You feel stronger.
You have reached level 5!
It was a potion of berserk rage.
A red film seems to cover your vision as you go berserk!
You feel yourself moving faster!
You feel mighty!
b - a +0 short sword (weapon)
You feel a strong urge to attack something.
The worm bites you!
You die...

... ........... #.
.........( .... ..
.......... ...... #.
.....(... ...... ##..
........#.# .....
#...##.......#...# #...
#.....w.)....# #.###...
#.....@.########...#...
#.....(.#.....##.......
#...#.(.#..............
### #..................
####[.............#
#†..##.........#
#...##....###'##
#...##....# #.#
#...####### #.#


You could see a worm.

Vanquished Creatures
  Sigmund (D:2)
  2 adders (D:2)
  A bat (D:1)
  3 endoplasms (D:1)
  A giant cockroach (D:1)
  2 goblins (D:1)
  3 hobgoblins
  4 kobolds (D:1)
  3 frilled lizards (D:1)
  4 rats
24 creatures vanquished.

Notes
Turn   | Place    | Note
-------+----------+-------------------------------------------
     0 | D:1      | dolemite99 the Gnoll Hunter began the quest for the Orb.
     0 | D:1      | Reached XP level 1. HP: 20/20 MP: 1/1
    75 | D:1      | Reached XP level 2. HP: 26/26 MP: 2/2
    84 | D:1      | Found a faded altar of an unknown god.
    99 | D:1      | Prayed at the altar of an unknown god.
    99 | D:1      | Became a worshipper of Sif Muna the Loreminder
    99 | D:1      | Reached * piety under Sif Muna
   714 | D:2      | Noticed Sigmund
   892 | D:2      | Reached XP level 3. HP: 31/31 MP: 2/4
   908 | D:2      | Reached skill level 1 in Invocations
   929 | D:2      | HP: 1/31 [Sigmund (6)]
   930 | D:2      | Killed Sigmund
   931 | D:2      | Reached skill level 1 in Short Blades
   931 | D:2      | Reached skill level 1 in Long Blades
   931 | D:2      | Reached skill level 1 in Axes
   931 | D:2      | Reached skill level 1 in Maces & Flails
   931 | D:2      | Reached skill level 1 in Polearms
   931 | D:2      | Reached skill level 1 in Staves
   931 | D:2      | Reached skill level 1 in Slings
   931 | D:2      | Reached skill level 1 in Bows
   931 | D:2      | Reached skill level 1 in Throwing
   931 | D:2      | Reached skill level 1 in Armour
   931 | D:2      | Reached skill level 1 in Shields
   931 | D:2      | Reached skill level 1 in Unarmed Combat
   931 | D:2      | Reached skill level 1 in Spellcasting
   931 | D:2      | Reached skill level 1 in Conjurations
   931 | D:2      | Reached skill level 1 in Hexes
   931 | D:2      | Reached skill level 1 in Summonings
   931 | D:2      | Reached skill level 1 in Necromancy
   931 | D:2      | Reached skill level 1 in Translocations
   931 | D:2      | Reached skill level 1 in Transmutations
   931 | D:2      | Reached skill level 1 in Fire Magic
   931 | D:2      | Reached skill level 1 in Ice Magic
   931 | D:2      | Reached skill level 1 in Air Magic
   931 | D:2      | Reached skill level 1 in Earth Magic
   931 | D:2      | Reached skill level 1 in Poison Magic
   931 | D:2      | Reached skill level 1 in Evocations
   931 | D:2      | Reached XP level 4. HP: 1/38 MP: 4/6
   931 | D:2      | Reached XP level 5. HP: 1/43 MP: 4/7
   933 | D:2      | Slain by a worm

Illustrated notes

Levels and vault maps discovered:
D:1:      minmay_arrival_stone_box, layout_basic,
          dreamdust_ecumenical_altar_statues, nicolae_figureground_pulse
D:2:      layout_basic, uniq_sigmund

Skill      XL: |  1  2  3 |
---------------+----------+-----
Invocations    | 1 |  1.8
Short Blades   | 1 |  1.6
Long Blades    | 1 |  1.6
Axes           | 1 |  1.6
Maces & Flails | 1 |  1.6
Polearms       | 1 |  1.6
Staves         | 1 |  1.6
Slings         | 1 |  1.6
Bows           | 1 |  1.6
Throwing       | 1 |  1.6
Armour         | 1 |  1.6
Shields        | 1 |  1.6
Unarmed Combat | 1 |  1.6
Spellcasting   | 1 |  1.6
Conjurations   | 1 |  1.3
Hexes          | 1 |  1.3
Summonings     | 1 |  1.3
Necromancy     | 1 |  1.3
Translocations | 1 |  1.3
Transmutations | 1 |  1.3
Fire Magic     | 1 |  1.3
Ice Magic      | 1 |  1.3
Air Magic      | 1 |  1.3
Earth Magic    | 1 |  1.3
Poison Magic   | 1 |  1.3
Evocations     | 1 |  1.6
Fighting       | |  4.8
Crossbows      | |  8.7
Dodging        | |  4.8
Stealth        | |  2.8

Action                   |  1- 3 |  4- 6 || total
-------------------------+-------+-------++-------
 Fire: Hand crossbow     |    52 |       ||    52
  Use: Potion            |       |     1 ||     1
Armor: Ring mail         |     2 |       ||     2
Dodge: Dodged            |     8 |       ||     8
